 Dungeon Crawl Stone Soup version 0.29-a0-284-gf9362112df (webtiles) character file.

Game seed: 1261021664238525965

11270 mistaj the Basher (level 11, -3/96 HPs)
             Began as a Demonspawn Fighter on Mar 22, 2022.
             Was a High Priest of Okawaru.
             Slain by a hell hog (13 damage)
             ... on level 3 of the Abyss.
             The game lasted 00:23:43 (11111 turns).

mistaj the Basher (Demonspawn Fighter)             Turns: 11111, Time: 00:23:43

Health: -3/96      AC: 20    Str: 24    XL:     11   Next: 47%
Magic:  1/11       EV:  6    Int: 11    God:    Okawaru [*****.]
Gold:   618        SH:  7    Dex: 17    Spells: 10/10 levels left

rFire   . . .      SeeInvis .   H - +8 flail of Qaboin {flame, Dex+4}
rCold   . . .      Faith    .   c - +0 buckler
rNeg    . . .      Spirit   .   D - +3 plate armour
rPois   +          Reflect  .   z - +0 helmet
rElec   .          Harm     .   (no cloak)
rCorr   +          Rampage  .   (no gloves)
Will    .....                   x - +1 pair of boots "Xegopp" {Str+3 Int+2}
Stlth   ..........              y - amulet of regeneration
HPRegen 1.06/turn               t - ring of resist corrosion
MPRegen 0.12/turn               a - ring of poison resistance

@: about to teleport
A: rugged brown scales 3, (demonic guardian 2), spiny 1, weakness stinger 2
a: Renounce Religion, Heroism, Finesse, Duel


You were on level 3 of the Abyss.
You worshipped Okawaru.
Okawaru was extremely pleased with you.
You visited 2 branches of the dungeon, and saw 11 of its levels.
You visited the Abyss 1 time.

You collected 618 gold pieces.

Inventory:

Hand Weapons
 w - a +1 whip of freezing
 F - a +2 morningstar of draining
 H - the +8 flail of Qaboin (weapon) {flame, Dex+4}
   (Okawaru gifted it to you on level 10 of the Dungeon)

   It burns those it strikes, dealing additional fire damage.
   Dex:       It affects your dexterity (+4).
Missiles
 l - 29 poisoned darts (quivered)
Armour
 c - a +0 buckler (worn)
 x - the +1 pair of boots "Xegopp" (worn) {Str+3 Int+2}
   (You found it on level 5 of the Dungeon)

   Str:       It affects your strength (+3).
   Int:       It affects your intelligence (+2).
 z - a +0 helmet (worn)
 D - a +3 plate armour (worn)
 G - +0 steam dragon scales
Jewellery
 a - a ring of poison resistance (right hand)
 t - a ring of resist corrosion (left hand)
 y - an amulet of regeneration (around neck)
Wands
 r - a wand of iceblast (7)
 C - a wand of flame (12)
Scrolls
 e - 4 scrolls of teleportation
 f - 2 scrolls of fear
 h - a scroll of blinking
 i - a scroll of immolation
 m - a scroll of silence
 q - 3 scrolls of enchant armour
 E - a scroll of identify
Potions
 b - a potion of ambrosia {unknown}
 d - a potion of might
 g - a potion of curing {unknown}
 j - 2 potions of brilliance
 k - a potion of cancellation {unknown}
 n - a potion of lignification
 o - 2 potions of heal wounds
 p - 4 potions of attraction
 s - a potion of haste {unknown}
 u - 3 potions of flight {unknown}
 v - 5 potions of magic
 A - 2 potions of mutation {unknown}
 B - 2 potions of invisibility


   Skills:
 + Level 9.8 Fighting
 - Level 1.6 Short Blades
 - Level 2.7(7.9) Axes
 * Level 11.5(11.7) Maces & Flails
 - Level 2.6 Armour
 + Level 8.9 Shields


You had 10 spell levels left.
You didn't know any spells.
Your spell library contained the following spells:

 Spells                   Type           Power      Damage    Failure   Level
 Freeze                   Ice            0%         1d3       100%        1
 Sting                    Tmut/Pois      0%         1d3       100%        1
 Blink                    Tloc           0%         N/A       100%        2
 Corpse Rot               Necr/Air       0%         N/A       100%        2
 Poisonous Vapours        Pois/Air       0%         N/A       100%        2
 Conjure Flame            Conj/Fire      0%         6-21      100%        3
 Frozen Ramparts          Ice            0%         1d2       100%        3
 Ignite Poison            Fire/Tmut/Pois 0%         N/A       100%        3
 Lesser Beckoning         Tloc           0%         N/A       100%        3
 Dispel Undead            Necr           0%         3d6       100%        4
 Hailstorm                Conj/Ice       0%         3d3       100%        4
 Olgreb's Toxic Radiance  Pois           0%         N/A       100%        4
 Sticky Flame             Conj/Fire      0%         2d3       100%        4
 Manifold Assault         Tloc           0%         N/A       100%        5
 Storm Form               Tmut/Air       0%         N/A       100%        7
 Summon Small Mammal      Summ           Unusable   N/A       N/A         1
 Call Canine Familiar     Summ           Unusable   N/A       N/A         3
 Summon Guardian Golem    Hex/Summ       Unusable   N/A       N/A         3
 Death Channel            Necr           Unusable   N/A       N/A         6

Dungeon Overview and Level Annotations

Branches:
Dungeon (10/15)            Temple (1/1) D:5            Lair (0/6) D:9
    Orc (0/2) D:10

Altars:
Ashenzari
Cheibriados
Dithmenos
Elyvilon
Fedhas
Gozag
Hepliaklqana
Kikubaaqudgha
Nemelex Xobeh
Okawaru
Qazlal
Ru
Trog
Uskayaw
Vehumet
Wu Jian
Yredelemnul
Zin
The Shining One

Shops:
D:3 *

Annotations:
D:10 Erolcha, Urug


Innate Abilities, Weirdness & Mutations

You are completely covered in rugged brown scales. (AC +3, +7% HP)
((A demonic guardian rushes to your aid.))
You are partially covered in sharp spines.
You have a tail ending in a sharp stinger.


Message History

The worldbinder attacks as you move away!
The worldbinder hits you but does no damage.
The worldbinder hits you.
* * * LOW HITPOINT WARNING * * *
The hell hog attacks as you move away! The hell hog is struck by your spines.
The hell hog bites you.
* * * LOW HITPOINT WARNING * * *
The wight is struck by your spines. The wight closely misses you.
The worldbinder calls forth creatures from the Snake Pit!
The hell hog bites you but does no damage.
The wight attacks as you move away! The wight hits you but does no damage.
The hell hog attacks as you move away! The hell hog is struck by your spines.
The hell hog bites you but does no damage.
The worldbinder attacks as you move away!
The worldbinder hits you but does no damage. x2
The ufetubus shouts!
The hell hog attacks as you move away! The hell hog is struck by your spines.
The hell hog bites you but does no damage.
The black mamba bites you but does no damage.
The black mamba attacks as you move away!
The black mamba is struck by your spines.
The black mamba completely misses you.
The black mamba is struck by your spines.
The black mamba barely misses you.
The black mamba attacks as you move away!
The black mamba is struck by your spines.
The black mamba barely misses you. The black mamba bites you.
* * * LOW HITPOINT WARNING * * *
The black mamba attacks as you move away!
The black mamba is struck by your spines.
The black mamba bites you!
* * * LOW HITPOINT WARNING * * *
The black mamba disappears in a puff of smoke!
The worldbinder calls forth creatures from the Snake Pit!
The mana viper disappears in a puff of smoke!
An ancient zyme comes into view.
You feel yourself growing ill in the presence of the ancient zyme.
The hell hog attacks as you move away! The hell hog is struck by your spines.
The hell hog bites you!
You die...

#...#.# #...# # .â—‹ #.
#..#.# ##5## #.##
##.#...#.###N..## â—‹..#
...#......#SZ...#Râ—‹...
#......h.hSXZ .Zâ—‹...
##.##....#.z...#.. .
.x.#..x###.. ###. .#
#.#h#.# ## ## ##.##
#.#@..## #...###...# #
#..#..#. ...# ....
##.#...... ....... .##
.#.....# .. . ## ..
#..h# # .


You could see a naga warrior (summoned), 3 hell hogs, an ancient zyme, a mana
viper (summoned), a worldbinder and a shard shrike simulacrum.

Vanquished Creatures
  A two-headed ogre (D:7)
  Pikel (D:8)
  3 centaur zombies (D:7)
  A centaur skeleton (D:7)
  Maggie (D:6)
  A kobold demonologist (D:10)
  2 hellwings (D:7)
  A troll (D:10)
  A meliai zombie (D:7)
  A vampire (D:10)
  A wraith (D:10)
  A shadow (D:10)
  4 yaks (D:10)
  A steam dragon (D:8)
  Grum (D:7)
  A two-headed ogre zombie (D:10)
  Edmund (D:6)
  7 water moccasins
  A sky beast (D:4)
  A black bear (D:9)
  3 orc warriors
  An ogre (D:6)
  3 wolves (D:8)
  The ghost of spaghetti the Magician, an amateur OpEE of Kikubaaqudgha (D:4)
  7 centaurs
  4 lemures
  4 kobold brigands
  2 phantoms (D:4)
  2 gnoll sergeants
  5 necrophages
  5 bullfrogs
  7 scorpions
  A troll zombie (D:10)
  19 killer bees
  3 howler monkeys
  3 hounds
  8 orc priests
  14 orc wizards
  3 iguanas
  4 ogre zombies (D:10)
  11 adders
  11 gnolls
  4 shadow imps (D:7)
  A white imp (D:7)
  A dart slug (D:5)
  42 orcs
  4 bats
  6 endoplasms
  6 giant cockroaches
  6 goblins
  4 hobgoblins
  A quokka (D:3)
  6 ball pythons
  5 frilled lizards
  2 goblin skeletons (D:10)
  A hobgoblin skeleton (D:10)
  A hobgoblin zombie (D:10)
  26 kobolds
  2 orc skeletons (D:10)
  10 orc zombies (D:10)
  A rat (D:2)
282 creatures vanquished.

Vanquished Creatures (collateral kills)
  A jelly (D:3)
  Jessica (D:2)
2 creatures vanquished.

Vanquished Creatures (others)
  An orc wizard (D:7)
  A white imp (D:6)
  39 fungi
  63 plants
  7 starspawn tentacles
  10 withered plants (D:7)
121 creatures vanquished.

Grand Total: 405 creatures vanquished

Notes
Turn   | Place    | Note
-------+----------+-------------------------------------------
     0 | D:1      | mistaj the Demonspawn Fighter began the quest for the Orb.
     0 | D:1      | Reached XP level 1. HP: 18/18 MP: 1/1
   142 | D:1      | Found a faded altar of an unknown god.
   176 | D:1      | Gained mutation: A weak demonic guardian rushes to your
                  | aid. [demonic ancestry]
   176 | D:1      | Reached XP level 2. HP: 20/24 MP: 2/2
   783 | D:2      | Reached XP level 3. HP: 29/29 MP: 3/3
  1260 | D:2      | Noticed Jessica
  1281 | D:2      | Killed Jessica
  1282 | D:2      | Reached skill level 1 in Short Blades
  1282 | D:2      | Gained mutation: You are partially covered in sharp spines.
                  | [demonic ancestry]
  1282 | D:2      | Reached XP level 4. HP: 17/35 MP: 4/4
  2072 | D:3      | Gained mutation: You are partially covered in rugged brown
                  | scales. (AC +1, +3% HP) [demonic ancestry]
  2072 | D:3      | Reached XP level 5. HP: 36/43 MP: 5/5
  2125 | D:3      | Reached skill level 1 in Maces & Flails
  2750 | D:3      | Found Rinaitsa's Assorted Antiques.
  2976 | D:3      | Reached skill level 2 in Maces & Flails
  3249 | D:4      | Gained mutation: You are mostly covered in rugged brown
                  | scales. (AC +2, +5% HP) [demonic ancestry]
  3249 | D:4      | Reached XP level 6. HP: 42/50 MP: 6/6
  3390 | D:4      | Found a sparkling altar of Nemelex Xobeh.
  3630 | D:4      | Reached skill level 3 in Maces & Flails
  3785 | D:4      | Gained mutation: You are completely covered in rugged brown
                  | scales. (AC +3, +7% HP) [demonic ancestry]
  3785 | D:4      | Reached XP level 7. HP: 52/58 MP: 7/7
  3843 | D:4      | Reached skill level 5 in Fighting
  3843 | D:4      | Reached skill level 4 in Maces & Flails
  4136 | D:4      | Found a runed translucent door.
  4137 | D:4      | Noticed spaghetti's ghost (amateur OpEE)
  4155 | D:4      | Killed spaghetti's ghost
  4367 | D:5      | Entered Level 5 of the Dungeon
  4823 | D:4      | Reached skill level 5 in Maces & Flails
  4823 | D:4      | Reached skill level 5 in Shields
  4823 | D:4      | Gained mutation: You have a small tail. [demonic ancestry]
  4823 | D:4      | Reached XP level 8. HP: 52/67 MP: 8/8
  5086 | D:5      | Identified the +1 pair of boots "Xegopp" {Str+3 Int+2}
  5321 | D:5      | Found a staircase to the Ecumenical Temple.
  5329 | Temple   | Entered the Ecumenical Temple
  5496 | Temple   | Became a worshipper of Warmaster Okawaru
  6065 | D:6      | Noticed Edmund
  6082 | D:6      | Killed Edmund
  6083 | D:6      | Reached skill level 6 in Maces & Flails
  6376 | D:6      | Noticed Maggie
  6392 | D:6      | Killed Maggie
  6392 | D:6      | Reached * piety under Okawaru
  6393 | D:6      | Gained mutation: You have a tail ending in a sharp stinger.
                  | [demonic ancestry]
  6393 | D:6      | Reached XP level 9. HP: 16/75 MP: 9/9
  6588 | D:6      | Reached skill level 7 in Maces & Flails
  7009 | D:7      | Noticed a hellwing
  7014 | D:7      | Noticed a hellwing
  7030 | D:7      | Killed a hellwing
  7048 | D:7      | Killed a hellwing
  7051 | D:7      | Reached ** piety under Okawaru
  7052 | D:7      | Reached skill level 8 in Maces & Flails
  7228 | D:7      | Gained mutation: A demonic guardian rushes to your aid.
                  | [demonic ancestry]
  7228 | D:7      | Reached XP level 10. HP: 76/85 MP: 10/10
  7276 | D:7      | Reached *** piety under Okawaru
  7277 | D:7      | Reached skill level 9 in Maces & Flails
  7332 | D:7      | Noticed a two-headed ogre
  7464 | D:7      | You fall into a shaft and drop 1 floor!
  7796 | D:8      | Noticed Pikel
  8127 | D:7      | Killed a two-headed ogre
  8200 | D:7      | Found a broken altar of Ashenzari.
  8276 | D:7      | Reached **** piety under Okawaru
  8387 | D:7      | Reached skill level 10 in Maces & Flails
  8738 | D:8      | Noticed Grum
  8847 | D:7      | Killed Grum
  9127 | D:8      | Killed Pikel
  9526 | D:9      | Reached XP level 11. HP: 86/95 MP: 11/11
  9528 | D:9      | Found a staircase to the Lair.
  9554 | D:9      | Reached ***** piety under Okawaru
  9933 | D:9      | Reached skill level 11 in Maces & Flails
 10181 | D:10     | Entered Level 10 of the Dungeon
 10392 | D:10     | Identified the +8 flail of Qaboin {flame, Dex+4} (Okawaru
                  | gifted it to you on level 10 of the Dungeon)
 10392 | D:10     | Received a gift from Okawaru
 10613 | D:10     | Found a staircase to the Orcish Mines.
 10664 | D:10     | Noticed Urug
 10888 | D:10     | Noticed Erolcha
 10920 | D:10     | Cast into level 1 of the Abyss (Erolcha)
 10956 | Abyss:1  | Noticed a tentacled starspawn
 10972 | Abyss:1  | Found an ornate altar of the Wu Jian Council.
 10984 | Abyss:1  | Noticed a spatial maelstrom
 11048 | Abyss:3  | Noticed a tentacled starspawn
 11081 | Abyss:3  | Noticed a hell hog
 11081 | Abyss:3  | Noticed a hell hog
 11083 | Abyss:3  | Noticed a hell hog
 11083 | Abyss:3  | Noticed a shard shrike simulacrum
 11093 | Abyss:3  | Noticed a mana viper
 11104 | Abyss:3  | Noticed a mana viper
 11109 | Abyss:3  | Noticed a naga warrior
 11109 | Abyss:3  | Noticed a mana viper
 11111 | Abyss:3  | Slain by a hell hog

Illustrated notes

Levels and vault maps discovered:
D:1:      saegor_arrival_simple_b, layout_rooms,
          shapermc_ecumenical_altar_mp_ritualfount
D:2:      layout_basic, uniq_jessica
D:3:      layout_loops_cross, serial_bayou, serial_bayou_pond_e,
          serial_bayou_crossing, serial_bayou_lake_a, serial_bayou_pond_d,
          serial_shops, shop, hangedman_glass_teeth
D:4:      layout_loops_ring, old_standard_altar, ebering_ghost_sewer_d,
          kennysheep_generic_room_6
D:5:      layout_gridville, minmay_temple_entry_stoned_glass,
          nicolae_figureground_pulse
D:6:      layout_basic, uniq_maggie, uniq_edmund
D:7:      cheibrodos_grave_circle, layout_basic, jmf_multi_god_temple,
          grunt_ministairs_3, st_stairs_11
D:8:      layout_basic, uniq_grum, uniq_pikel
D:9:      layout_irregular_city, due_lair_maze_entry_diamond
D:10:     layout_basic, kennysheep_little_box,
          grunt_temple_overflow_champion_of_chaos, zombieorc2_lemuel,
          minmay_misc_feat_diagonals, minmay_fractal_squares_gapless_5,
          uniq_urug, uniq_psyche, uniq_erolcha
Temple:   regret_index_temple_sphere_string
Abyss:3:  base: D:5, evilmike_abyss_exit_glass, hangedman_decor_riveting,
          evilmike_abyss_rune_elephants_shrine

Skill      XL: |  1  2  3  4  5  6  7  8  9 10 11 |
---------------+----------------------------------+-----
Axes           | 2 |  2.7
Shields        | 3 4 5 6 7 8 |  8.9
Short Blades   | 1 |  1.6
Maces & Flails | 2 3 5 6 8 10 11 | 11.5
Fighting       | 4 5 6 7 9 |  9.8
Armour         | |  2.6

Action                   |  1- 3 |  4- 6 |  7- 9 | 10-12 || total
-------------------------+-------+-------+-------+-------++-------
Melee: War axe           |    72 |       |       |       ||    72
       Rapier            |    23 |    25 |       |       ||    48
       Flail             |       |    89 |   174 |    72 ||   335
       Tailslap          |       |       |    30 |    43 ||    73
       Morningstar       |       |       |    60 |   270 ||   330
Throw: Dart              |       |       |       |     3 ||     3
  Use: Scroll            |       |     4 |     8 |     7 ||    19
Armor: Scale mail        |    51 |    43 |       |       ||    94
       Chain mail        |       |     8 |   199 |    24 ||   231
       Plate armour      |       |       |       |   248 ||   248
Dodge: Dodged            |    30 |    30 |   103 |    96 ||   259
Block: Buckler           |    16 |    23 |    77 |   113 ||   229

Table legend: (Time is in decaauts)
 A = Elapsed time spent in this place.
 B = Non-inter-level travel time spent in this place.
 C = Inter-level travel time spent in this place.
 D = Time resting spent in this place.
 E = Time spent auto-exploring this place.
 F = Levels seen in this place.
 G = Mean time per level.
                   A        B        C        D        E       F      G
               +--------+--------+--------+--------+--------+-----+--------+
         Total |  11272 |  10899 |    373 |   3112 |   4929 |  14 |  805.1 |
       Dungeon |  10891 |  10530 |    361 |   3077 |   4805 |  10 | 1089.1 |
        Temple |    180 |    168 |     12 |      0 |    124 |   1 |  180.0 |
         Abyss |    200 |    200 |      0 |     35 |      0 |   3 |   66.7 |
               +--------+--------+--------+--------+--------+-----+--------+

Top non-repeatable levels by time:
     D:4: 1998 daAuts
     D:2: 1590 daAuts
     D:7: 1399 daAuts
     D:6: 1089 daAuts
     D:3: 1046 daAuts
     D:8: 1023 daAuts
     D:9: 864 daAuts
     D:5: 808 daAuts
    D:10: 632 daAuts
     D:1: 440 daAuts
  Temple: 180 daAuts
 Abyss:3: 93 daAuts
 Abyss:1: 74 daAuts
 Abyss:2: 32 daAuts
